 Dungeon Crawl Stone Soup version 0.28.0 (webtiles) character file.

Game seed: 11608877971637248242

926 fiver49 the Firebug (level 7, -5/48 (50) HPs)
             Began as a Green Draconian Fire Elementalist on Feb 16, 2022.
             Was an Initiate of Sif Muna.
             Slain by a wight (10 damage)
             ... on level 5 of the Dungeon.
             The game lasted 00:15:25 (6441 turns).

fiver49 the Firebug (DrFE)                          Turns: 6441, Time: 00:15:30

HP:   -5/48 (50)    AC:  6    Str: 18    XL:     7   Next: 85%
MP:   8/14          EV: 16    Int: 17    God:    Sif Muna [......]
Gold: 285           SH:  0    Dex: 17    Spells: 13/16 levels left

rFire   + . .      SeeInvis .   g - +2 dagger (protect)
rCold   . . .      Faith    .   r - orb {*channel}
rNeg    . . .      Spirit   .   (armour unavailable)
rPois   +          Reflect  .   (helmet restricted)
rElec   .          Harm     .   (no cloak)
rCorr   .          Rampage  .   (no gloves)
Will    .....                   (no boots)
Stlth   +++.......              (no amulet)
HPRegen 0.16/turn               o - ring of Ashenzari's Pride {Contam rF+ Str+7 Dex+6 Stlth+}
MPRegen 0.14/turn               k - +4 ring of evasion

@: lightly drained
A: breathe noxious fumes, AC +6, unfitting armour, poison resistance,
cold-blooded
a: Breathe Noxious Fumes, Renounce Religion


You were on level 5 of the Dungeon.
You worshipped Sif Muna.
Sif Muna was noncommittal.
You visited 2 branches of the dungeon, and saw 7 of its levels.

You collected 321 gold pieces.
You spent 36 gold pieces at shops.

Inventory:

Hand Weapons
 g - a +2 dagger of protection (weapon)
   (You took it off a goblin on level 2 of the Dungeon)
 l - a +4 short sword
   (You took it off a kobold on level 2 of the Dungeon)
Missiles
 h - 4 curare-tipped darts
 m - 3 silver boomerangs
 y - 5 boomerangs (quivered)
Armour
 r - an orb of energy (worn)
   (You took it off a hobgoblin on level 2 of the Dungeon)
Magical Staves
 e - a staff of air
   (You found it on level 1 of the Dungeon)
Jewellery
 k - a +4 ring of evasion (right hand)
   (You took it off a kobold on level 2 of the Dungeon)
 o - the ring of Ashenzari's Pride (left hand) {Contam rF+ Str+7 Dex+6 Stlth+}
   (You found it on level 2 of the Dungeon)

   [ring of dexterity]

   Str:       It affects your strength (+7).
   Dex:       It affects your dexterity (+6).
   rF:        It protects you from fire.
   Contam:    It causes magical contamination when unequipped.
   Stlth:     It makes you more stealthy.
 z - a ring of protection from fire
   (You found it on level 4 of the Dungeon)
Wands
 A - a wand of digging (2)
   (You took it off an orc on level 4 of the Dungeon)
 E - a wand of charming (10)
   (You found it on level 5 of the Dungeon)
Scrolls
 b - 4 scrolls of noise
 d - a scroll of identify
 n - a scroll of enchant armour {unknown}
 p - a scroll of summoning {unknown}
 q - 3 scrolls of magic mapping
 s - a scroll of holy word {unknown}
 t - a scroll of immolation {unknown}
 u - a scroll of vulnerability {unknown}
 v - a scroll of acquirement {unknown}
 x - a scroll of teleportation {unknown}
 C - a scroll of silence {unknown}
 D - 2 scrolls of amnesia {unknown}
Potions
 a - a potion of mutation {unknown}
 c - 4 potions of curing
 f - a potion of ambrosia {unknown}
 i - 2 potions of heal wounds
 j - 2 potions of brilliance
 w - a potion of lignification {unknown}
 B - a potion of resistance {unknown}


   Skills:
 - Level 1.7 Dodging
 - Level 1.7 Stealth
 + Level 5.1 Spellcasting
 + Level 5.1 Conjurations
 + Level 6.0 Fire Magic


You had 13 spell levels left.
You knew the following spells:

 Your Spells              Type           Power      Damage    Failure   Level
a - Foxfire               Conj/Fire      92%        2x1d8     1%          1
b - Scorch                Fire           48%        2d7       1%          2

Your spell library contained the following spells:

 Spells                   Type           Power      Damage    Failure   Level
 Conjure Flame            Conj/Fire      23%        6-21      4%          3
 Inner Flame              Hex/Fire       14%        N/A       12%         3
 Flame Wave               Conj/Fire      23%        2d7       14%         4
 Sticky Flame             Conj/Fire      23%        2d4       14%         4
 Ignite Poison            Fire/Tmut/Pois 11%        N/A       19%         3


Dungeon Overview and Level Annotations

Branches:
Dungeon (6/15)             Temple (1/1) D:4

Altars:
Cheibriados
Dithmenos
Elyvilon
Fedhas
Gozag
Hepliaklqana
Kikubaaqudgha
Makhleb
Nemelex Xobeh
Okawaru
Qazlal
Ru
Sif Muna
Wu Jian
Xom
Yredelemnul
Zin
The Shining One

Shops:
D:1 !

Annotations:
D:3 Dowan, Duvessa
D:5 2 transporters, exclusion: ogre, Sigmund


Innate Abilities, Weirdness & Mutations

You can breathe blasts of noxious fumes.
Your lurid green scales are hard. (AC +6)
You cannot fit into any form of body armour.
Your system is resistant to poisons. (rPois)
You are cold-blooded and may be slowed by cold attacks.


Message History

Casting: Scorch (safe; 1% risk of failure)
Confirm with . or Enter, or press ? or * to list all spells.
Flames lash the wight but do no damage.
The adder hisses angrily.
Casting: Scorch (safe; 1% risk of failure)
Confirm with . or Enter, or press ? or * to list all spells.
Flames lash the wight.
The wight is severely damaged.
The wight's fire resistance burns away.
Casting: Scorch (safe; 1% risk of failure)
Confirm with . or Enter, or press ? or * to list all spells.
You conjure some foxfire!
The wight hits you with a +3 mace!
You feel drained.
The foxfire hits the wight!
The wight is burned terribly!
You destroy the wight!
Sif Muna accepts your kill.
The foxfire hits the wight.
The wight is moderately damaged.
Your life force feels restored.
Your Spellcasting skill increases to level 5!
Your Conjurations skill increases to level 5!
Casting: Foxfire (safe; 1% risk of failure)
Confirm with . or Enter, or press ? or * to list all spells.
Flames lash the wight.
The wight is heavily damaged.
The wight's fire resistance burns away.
Casting: Scorch (safe; 1% risk of failure)
Confirm with . or Enter, or press ? or * to list all spells.
You conjure some foxfire!
The wight hits you with a +3 short sword of freezing!
You feel drained. The wight freezes you.
The foxfire hits the wight!
The wight is burned terribly!
You destroy the wight!
Sif Muna accepts your kill.
The foxfire hits the adder.
The adder is moderately wounded.
Your life force feels restored.
Your Fire Magic skill increases to level 6!
Casting: Foxfire (safe; 1% risk of failure)
Confirm with . or Enter, or press ? or * to list all spells.
Flames lash the wight.
The wight is moderately damaged.
The wight's fire resistance burns away.
The adder closely misses you. The adder barely misses you.
The wight is no longer more vulnerable to fire.
There is a stone staircase leading up here.
The adder closely misses you. The wight barely misses you.
You climb upwards.
Level annotation: 2 transporters, exclusion: ogre, Sigmund
There is a stone staircase leading down here.
Casting: Scorch (safe; 1% risk of failure)
Confirm with . or Enter, or press ? or * to list all spells.
Flames lash the adder.
You kill the adder!
Sif Muna accepts your kill.
You start resting.
Magic restored.
You start resting.
HP restored.
You climb downwards.
The wight hits you with a +0 falchion. The wight hits you with a +1 flail.
There is a stone staircase leading up, spattered with blood here.
The wight hits you with a +0 falchion. The wight completely misses you.
You climb upwards.
Level annotation: 2 transporters, exclusion: ogre, Sigmund
There is a stone staircase leading down here.
The wight misses you. The wight closely misses you.
The wight hits you with a +0 falchion!
Casting: Scorch (safe; 1% risk of failure)
Confirm with . or Enter, or press ? or * to list all spells.
Flames lash the wight.
The wight is severely damaged.
The wight's fire resistance burns away.
The wight barely misses you.
Casting: Scorch (safe; 1% risk of failure)
Confirm with . or Enter, or press ? or * to list all spells.
Flames lash the wight.
The wight is heavily damaged.
The wight's fire resistance burns away.
The wight hits you with a +1 flail!
Casting: Scorch (safe; 1% risk of failure)
Confirm with . or Enter, or press ? or * to list all spells.
You conjure some foxfire!
The foxfire hits the wight but does no damage.
The wight is heavily damaged.
The foxfire hits the wight but does no damage.
The wight is heavily damaged.
Casting: Foxfire (safe; 1% risk of failure)
Confirm with . or Enter, or press ? or * to list all spells.
You conjure some foxfire!
The wight is no longer more vulnerable to fire.
The wight hits you with a +1 flail!
* * * LOW HITPOINT WARNING * * *
You feel drained.
* * * LOW HITPOINT WARNING * * *
The wight is no longer more vulnerable to fire.
The foxfire hits the wight.
The wight is almost destroyed.
The foxfire hits the wight but does no damage.
The wight is almost destroyed.
The wight hits you with a +0 falchion!
You die...

#....#.#####.....# #....##....
##...#..####....####..#####...
#........###.....#...# #....
###.<.........##.##..## ##...
#....#......#.......###....
##..#.......###.....[...#..
##.##..................#..
#####........##.......###
##.ยง@##..##..........
##zz.##.#...........
#..##..#...........
##.#..(..>.........
##................
##...............
#..###.......... ####
##......... ##......#.


You could see 2 wights.

Vanquished Creatures
  Menkaure (D:5)
  A necrophage (D:5)
  An orc warrior (D:4)
  A phantom (D:5)
  2 water moccasin skeletons (D:5)
  3 wights (D:6)
  A hound (D:5)
  A centaur zombie (D:4)
  An orc priest (D:4)
  An iguana (D:5)
  An orc wizard (D:4)
  3 gnolls (D:3)
  5 adders
  An adder skeleton (D:4)
  7 dart slugs
  6 orcs
  12 ball pythons
  3 bats
  7 endoplasms
  3 giant cockroaches
  8 goblins
  3 hobgoblins
  4 jackals
  A quokka (D:1)
  4 frilled lizards
  7 kobolds
  4 rats
92 creatures vanquished.

Vanquished Creatures (others)
  145 foxfires
145 creatures vanquished.

Grand Total: 237 creatures vanquished

Notes
Turn   | Place    | Note
-------+----------+-------------------------------------------
     0 | D:1      | fiver49 the Draconian Fire Elementalist began the quest for
                  | the Orb.
     0 | D:1      | Reached XP level 1. HP: 14/14 MP: 3/3
   397 | D:1      | Found Ygi Neryimn's Distillery.
   405 | D:1      | Bought a potion of curing for 36 gold pieces
   601 | D:1      | Reached XP level 2. HP: 20/20 MP: 1/5
   979 | D:1      | Learned a level 2 spell: Scorch
  1177 | D:1      | Found a faded altar of an unknown god.
  1177 | D:1      | Noticed a Tzitzimitl
  1552 | D:2      | Reached skill level 2 in Conjurations
  1552 | D:2      | Reached XP level 3. HP: 26/26 MP: 1/6
  2123 | D:2      | Reached XP level 4. HP: 25/33 MP: 4/8
  2277 | D:2      | Identified the ring of Ashenzari's Pride {Contam rF+ Str+7
                  | Dex+6 Stlth+}
  2660 | D:3      | Reached skill level 3 in Spellcasting
  2738 | D:3      | Reached skill level 4 in Fire Magic
  3054 | D:3      | Found a sparkling altar of Nemelex Xobeh.
  3082 | D:3      | Reached XP level 5. HP: 38/38 MP: 2/9
  3480 | D:4      | Found a staircase to the Ecumenical Temple.
  3490 | D:4      | Found a burning altar of Makhleb.
  3507 | Temple   | Entered the Ecumenical Temple
  3639 | Temple   | Became a worshipper of Sif Muna the Loreminder
  3750 | D:4      | Noticed Duvessa
  3750 | D:4      | Noticed Dowan
  3985 | D:4      | Reached skill level 3 in Conjurations
  3998 | D:4      | Noticed an orc warrior
  4530 | D:4      | Killed an orc warrior
  4531 | D:4      | Reached XP level 6. HP: 36/45 MP: 4/11
  5221 | D:5      | Entered Level 5 of the Dungeon
  5243 | D:5      | Reached skill level 4 in Spellcasting
  5256 | D:5      | Reached skill level 4 in Conjurations
  5256 | D:5      | Reached skill level 5 in Fire Magic
  5619 | D:5      | Found a transporter.
  5648 | D:5      | Found a transporter.
  5657 | D:5      | Noticed Menkaure
  5670 | D:5      | Your scales start taking on a lurid green colour.
  5670 | D:5      | Reached XP level 7. HP: 16/50 MP: 7/13
  5670 | D:5      | Gained mutation: Your system is resistant to poisons.
                  | (rPois) [Green Draconian growth]
  5675 | D:5      | Killed Menkaure
  5712 | D:5      | Noticed Sigmund
  6278 | D:6      | Reached skill level 5 in Spellcasting
  6278 | D:6      | Reached skill level 5 in Conjurations
  6281 | D:6      | Reached skill level 6 in Fire Magic
  6440 | D:5      | HP: 9/50 [wight (13)]
  6440 | D:5      | HP: 4/48 [wight (5)]
  6441 | D:5      | Slain by a wight

Illustrated notes

Levels and vault maps discovered:
D:1:      lightli_arrival_windingriver, layout_basic, serial_shops,
          nicolae_shop_hallway_stairs, dreamdust_ecumenical_altar_sealed_demon
D:2:      layout_basic, minmay_joined_circles
D:3:      layout_rooms, nemelex_altar_shiori
D:4:      layout_rooms, mainiacjoe_overflow_alcove_2, minmay_temple_entry_wispy,
          uniq_duvessa
D:5:      gammafunk_wand_slinger, layout_cave_pools, uniq_menkaure, uniq_sigmund
D:6:      layout_rooms
Temple:   compressed_dpeg_circular_temple

Skill      XL: |  1  2  3  4  5  6  7 |
---------------+----------------------+-----
Conjurations   | 2 3 4 5 |  5.1
Spellcasting   | 3 4 5 |  5.1
Fire Magic     | 4 5 6 |  6.0
Dodging        | |  1.7
Stealth        | |  1.7

Action                   |  1- 3 |  4- 6 |  7- 9 || total
-------------------------+-------+-------+-------++-------
Melee: Unarmed           |     5 |       |       ||     5
       Staff             |     4 |       |       ||     4
       Tailslap          |     3 |     4 |     1 ||     8
       Dagger            |     3 |    20 |     1 ||    24
 Cast: Foxfire           |    34 |    41 |    10 ||    85
       Scorch            |    12 |    70 |    11 ||    93
  Use: Scroll            |       |       |     4 ||     4
 Stab: Sleeping          |     1 |       |       ||     1
Armor: Skin              |     7 |    19 |       ||    26
Dodge: Dodged            |    20 |    69 |    10 ||    99

Table legend: (Time is in decaauts)
 A = Elapsed time spent in this place.
 B = Non-inter-level travel time spent in this place.
 C = Inter-level travel time spent in this place.
 D = Time resting spent in this place.
 E = Time spent auto-exploring this place.
 F = Levels seen in this place.
 G = Mean time per level.
                   A        B        C        D        E       F      G
               +--------+--------+--------+--------+--------+-----+--------+
         Total |   6457 |   6167 |    290 |   1111 |   3897 |   7 |  922.4 |
       Dungeon |   6313 |   6033 |    280 |   1111 |   3800 |   6 | 1052.2 |
        Temple |    143 |    133 |     10 |      0 |     97 |   1 |  143.0 |
               +--------+--------+--------+--------+--------+-----+--------+

Top non-repeatable levels by time:
     D:3: 1602 daAuts
     D:2: 1369 daAuts
     D:1: 1277 daAuts
     D:5: 1163 daAuts
     D:4: 843 daAuts
  Temple: 143 daAuts
     D:6: 57 daAuts

Table legend:
 A = Kills in this place as a percentage of kills in entire the game.
 B = Kills by you in this place as a percentage of kills by you in the entire game.
 C = Kills by friends in this place as a percentage of kills by friends in the entire game.
 D = Other kills in this place as a percentage of other kills in the entire game.
 E = Experience gained in this place as a percentage of experience gained in the entire game.
 F = Experience gained in this place divided by the number of levels of this place that you have seen.
                   A       B       C       D       E      F
               +-------+-------+-------+-------+-------+----------------------
         Total | 100.0 | 100.0 |   N/A |   N/A | 100.0 | 189.1
       Dungeon | 100.0 | 100.0 |   N/A |   N/A | 100.0 | 220.7
               +-------+-------+-------+-------+-------+----------------------
